 Dungeon Crawl Stone Soup version 0.18-a0-1797-gc18daef (webtiles) character file.

84 Duffy the Chopper (level 4, -1/35 HPs)
             Began as a Mummy Fighter on Apr 22, 2016.
             Slain by a gnoll
             ... wielding a +0 halberd
              (14 damage)
             ... on level 1 of the Dungeon.
             The game lasted 00:01:21 (1684 turns).

Duffy the Chopper (Mummy Fighter)                   Turns: 1684, Time: 00:01:22

Health: -1/35      AC:  6    Str: 20    XL:     4   Next: 24%
Magic:  4/4        EV:  7    Int:  7    God:
Gold:   50         SH:  8    Dex: 11    Spells: 0 memorised, 3 levels left

rFire  x . .     SeeInvis .     a - +0 war axe
rCold  + . .     Gourm    .     b - +0 scale mail
rNeg   + + +     Faith    .     c - +0 shield
rPois  ∞         Spirit   .     (no helmet)
rElec  .         Dismiss  .     (no cloak)
rCorr  .         Reflect  .     (no gloves)
SustAt .         Harm     .     (no boots)
MR     .....                    (no amulet)
Stlth  ..........               (no ring)
                                (no ring)

@: not resistant to hostile enchantments, extremely unstealthy
A: no food or potions, fire vulnerability, cold resistance 1, negative energy
resistance 3, torment resistance, unbreathing
a: no special abilities


You were on level 1 of the Dungeon.
You were not hungry.

You visited 1 branch of the dungeon, and saw 2 of its levels.

You collected 50 gold pieces.


Innate Abilities, Weirdness & Mutations

You do not eat or drink.
Your flesh is vulnerable to fire.
You are immune to poison.
Your flesh is cold resistant.
You are immune to negative energy.
You are immune to unholy pain and torment.
You can survive without breathing.


   Skills:
 - Level 3.0 Fighting
 + Level 3.7 Axes
 - Level 2.4 Armour
 - Level 2.4 Shields


You had 3 spell levels left.
You didn't know any spells.

Inventory:

Hand Weapons
 a - a +0 war axe (weapon)
Armour
 b - a +0 scale mail (worn)
 c - a +0 shield (worn)
Scrolls
 d - a scroll of immolation {unknown}
 e - a scroll of remove curse {unknown}
 f - a scroll of magic mapping {unknown}
 g - a scroll of random uselessness {unknown}
 h - a scroll of blinking {unknown}
 i - a scroll of identify {unknown}
 j - a scroll of enchant weapon {unknown}

Dungeon Overview and Level Annotations

Branches:
Dungeon (2/15)

Altars:


Message History

The bat hits you but does no damage. You block the gnoll's attack.
You climb upwards.
There is a stone staircase leading down here.
You closely miss the gnoll. The gnoll hits you with a halberd.
You closely miss the gnoll. The gnoll hits you with a halberd!
You slash the gnoll!
The gnoll is severely wounded.
You block the gnoll's attack.
You hit the gnoll.
The gnoll is almost dead.
The gnoll hits you with a halberd!
You are too injured to fight recklessly!
You are too injured to fight recklessly!
You are too injured to fight recklessly!
You are too injured to fight recklessly!
You are too injured to fight recklessly!
You are too injured to fight recklessly!
You are too injured to fight recklessly!
You are too injured to fight recklessly!
You are too injured to fight recklessly!
You are too injured to fight recklessly!
You are too injured to fight recklessly!
You are too injured to fight recklessly!
You are too injured to fight recklessly!
You are too injured to fight recklessly!
You are too injured to fight recklessly!
You are too injured to fight recklessly!
You are too injured to fight recklessly!
You hit the gnoll but do no damage.
The gnoll is almost dead.
The gnoll barely misses you.
Your shield prevents you from hitting the gnoll.
The gnoll is almost dead.
The gnoll hits you with a halberd!
You die...

P#.#####.....### #........#
P#.......###..#######...######
P#.....%#####.#.......###
P#..................#########
P#...%####.########..###....#
P#....# #..### ##..##....#
P#....# ##...### ##.##....#
P#.#### ###..g#####.##....#
.#.# ###.@...........# ...#
##########....# #### #....#
#....# #....# ######


You could see a gnoll.

Action                   |  1- 3 |  4- 6 || total
-------------------------+-------+-------++-------
Melee: War axe           |   146 |    15 ||   161
Armor: Scale mail        |    76 |    11 ||    87
Dodge: Dodged            |    43 |     6 ||    49
Block: Shield            |    90 |     7 ||    97

Notes
Turn   | Place    | Note
--------------------------------------------------------------
     0 | D:1      | Duffy the Mummy Fighter began the quest for the Orb.
     0 | D:1      | Reached XP level 1. HP: 18/18 MP: 1/1
    51 | D:1      | Reached skill level 2 in Axes
    60 | D:1      | Reached XP level 2. HP: 18/24 MP: 2/2
   660 | D:2      | Reached XP level 3. HP: 29/29 MP: 3/3
   686 | D:2      | Reached skill level 3 in Axes
  1160 | D:2      | Reached XP level 4. HP: 18/35 MP: 4/4
  1684 | D:1      | Slain by a gnoll

Vault maps used:
D:1:      eino_arrival_tree_alley, minmay_misc_feat_roman
D:2:      minmay_stone_trees_medium

Vanquished Creatures
  A gnoll
  3 adders
  3 dart slugs
  2 giant geckos
  A giant cockroach
  A goblin
  7 hobgoblins
  2 jackals
  4 bats
  3 giant newts
  8 kobolds
  5 rats
40 creatures vanquished.
